 Dungeon Crawl Stone Soup version 0.30-a0-652-gcc886f7154 (webtiles) character file.

Game seed: 3395505248591100445

1684 NinjaNoafa the Magician (level 9, -4/65 HPs)
             Began as a Gnoll Earth Elementalist on Jan 17, 2023.
             Was a Believer of Cheibriados.
             Slain by a yak (13 damage)
             ... on level 6 of the Dungeon.
             The game lasted 00:08:30 (6448 turns).

NinjaNoafa the Magician (Gnoll Earth Elementalist)  Turns: 6448, Time: 00:08:31

Health: -4/65      AC:  4    Str: 13    XL:     9   Next: 2%
Magic:  0/18       EV: 15    Int: 24    God:    Cheibriados [**....]
Gold:   280        SH:  0    Dex: 17    Spells: 14/20 levels left

rFire   . . .      SeeInvis +    E - +2 battleaxe (freeze)
rCold   + . .      Faith    .    (shield currently unavailable)
rNeg    . . .      Spirit   .    a - +0 robe
rPois   .          Reflect  .    (no helmet)
rElec   .          Harm     .    q - +0 cloak
rCorr   .          Rampage  .    (no gloves)
Will    .....                    D - +0 pair of boots
Stlth   +++                      (no amulet)
HPRegen 0.30/turn                e - ring of see invisible
MPRegen 0.16/turn                f - ring of protection from cold

@: very slow
A: fangs 1, strong nose, distributed training
a: Renounce Religion, Bend Time


You were on level 6 of the Dungeon.
You worshipped Cheibriados.
Cheibriados was pleased with you.
You visited 2 branches of the dungeon, and saw 7 of its levels.

You collected 280 gold pieces.

Inventory:

Hand Weapons
 l - a +0 short sword
 E - a +2 battleaxe of freezing (weapon)
Missiles
 k - 6 poisoned darts
Armour
 a - a +0 robe (worn)
 n - a +0 kite shield
 q - a +0 cloak (worn)
 D - a +0 pair of boots (worn)
Jewellery
 e - a ring of see invisible (left hand)
 f - a ring of protection from cold (right hand)
 y - a ring of ice
Wands
 p - a wand of digging (2)
Scrolls
 h - 2 scrolls of silence {unknown}
 i - 2 scrolls of identify {unknown}
 o - a scroll of vulnerability {unknown}
 r - a scroll of noise {unknown}
 s - 2 scrolls of amnesia {unknown}
 u - a scroll of fear {unknown}
 v - a scroll of torment {unknown}
 x - 2 scrolls of fog {unknown}
 z - 2 scrolls of enchant armour {unknown}
 A - a scroll of immolation {unknown}
 C - a scroll of enchant weapon {unknown}
Potions
 b - 3 potions of mutation {unknown}
 c - a potion of flight {unknown}
 d - 6 potions of curing
 g - 2 potions of brilliance {unknown}
 j - 2 potions of attraction {unknown}
 m - 3 potions of heal wounds {unknown}
 t - 3 potions of lignification {unknown}
 w - a potion of might {unknown}
 B - 2 potions of haste {unknown}


   Skills:
 + Level 3.9 Fighting
 + Level 3.9 Short Blades
 + Level 3.9 Long Blades
 + Level 3.9 Axes
 + Level 3.9 Maces & Flails
 + Level 3.9 Polearms
 + Level 3.9 Staves
 + Level 3.9 Ranged Weapons
 + Level 3.9 Throwing
 + Level 3.9 Armour
 + Level 6.1 Dodging
 + Level 5.8 Stealth
 + Level 3.9 Shields
 + Level 3.9 Unarmed Combat
 + Level 6.4 Spellcasting
 + Level 3.2 Conjurations
 + Level 3.2 Hexes
 + Level 3.2 Summonings
 + Level 3.2 Necromancy
 + Level 3.2 Translocations
 + Level 3.9 Transmutations
 + Level 3.2 Fire Magic
 + Level 3.2 Ice Magic
 + Level 3.2 Air Magic
 + Level 6.4 Earth Magic
 + Level 3.2 Poison Magic
 + Level 4.3 Invocations
 + Level 3.9 Evocations


You had 14 spell levels left.
You knew the following spells:

 Your Spells              Type           Power      Damage    Failure   Level
a - Sandblast             Erth           76%        2d16      1%          1
b - Passwall              Tmut/Erth      26%        N/A       1%          2
c - Stone Arrow           Conj/Erth      60%        3d10      3%          3

Your spell library contained the following spells:

 Spells                   Type           Power      Damage    Failure   Level
 Apportation              Tloc           46%        N/A       1%          1
 Necrotise                Necr           92%        1d8       1%          1
 Sting                    Tmut/Pois      100%       1d8       1%          1
 Summon Small Mammal      Summ           92%        N/A       1%          1
 Poisonous Vapours        Pois/Air       46%        N/A       3%          2
 Static Discharge         Conj/Air       46%        2-4/arc   3%          2
 Ignite Poison            Fire/Tmut/Pois 24%        N/A       5%          3
 Call Canine Familiar     Summ           23%        N/A       6%          3
 Portal Projectile        Hex/Tloc       46%        N/A       6%          3
 Vhi's Electric Charge    Tloc/Air       46%        N/A       6%          3
 Petrify                  Tmut/Erth      32%        N/A       9%          4
 Leda's Liquefaction      Hex/Erth       15%        N/A       11%         4
 Olgreb's Toxic Radiance  Pois           23%        N/A       21%         4
 Sticky Flame             Conj/Fire      23%        2d4       21%         4
 Summon Ice Beast         Ice/Summ       23%        N/A       21%         4
 Arcjolt                  Conj/Air       11%        1d21      50%         5
 Lightning Bolt           Conj/Air       11%        1d24      50%         5
 Metabolic Englaciation   Hex/Ice        11%        N/A       50%         5
 Summon Mana Viper        Hex/Summ       23%        N/A       50%         5
 Statue Form              Tmut/Erth      21%        N/A       80%         6
 Monstrous Menagerie      Summ           11%        N/A       100%        7
 Ignition                 Fire           11%        3d5       100%        8


Dungeon Overview and Level Annotations

Branches:
Dungeon (6/15)             Temple (1/1) D:6

Altars:
Ashenzari
Cheibriados
Elyvilon
Fedhas
Gozag
Hepliaklqana
Kikubaaqudgha
Makhleb
Nemelex Xobeh
Okawaru
Ru
Uskayaw
Vehumet
Wu Jian
Yredelemnul
Zin
The Shining One


Innate Abilities, Weirdness & Mutations

You have very sharp teeth.
Your uncanny sense of smell can sniff out nearby items.
Your experience applies equally to all skills.


Message History

Your experience leads to an increase in your attributes!
Your base attributes are Str 8, Int 17, Dex 12.
Increase (S)trength, (I)ntelligence, or (D)exterity?
You feel clever. x2
Casting: Stone Arrow (dangerous; 3% risk of failure)
Confirm with . or Enter, or press ? or * to list all spells.
Aiming: Stone Arrow (dangerous; 3% risk of failure)
Press: ? - help, Shift-Dir - straight line, f - yak
Aim: a yak (84% to hit)
The stone arrow hits the yak!
The yak is moderately wounded.
The yak misses you.
Casting: Stone Arrow (dangerous; 3% risk of failure)
Confirm with . or Enter, or press ? or * to list all spells.
Aiming: Stone Arrow (dangerous; 3% risk of failure)
Press: ? - help, Shift-Dir - straight line, f/p - yak
Aim: a yak (moderately wounded, 84% to hit)
The stone arrow hits the yak.
The yak is heavily wounded.
The yak gores you but does no damage.
You slash the yak! You freeze the yak.
The yak is severely wounded.
The yak barely misses you.
You barely miss the yak.
The yak is severely wounded.
The yak barely misses you. x2
You hit the yak. You freeze the yak. You bite the yak, but do no damage.
The yak is almost dead.
The yak gores you.
* * * LOW HITPOINT WARNING * * *
Casting: Stone Arrow (dangerous; 3% risk of failure)
Confirm with . or Enter, or press ? or * to list all spells.
Aiming: Sandblast (safe; 1% risk of failure)
Press: ? - help, Shift-Dir - straight line, f/p - yak
Aim: a yak (almost dead, 90% to hit)
The blast of sand hits the yak but does no damage.
The yak is almost dead.
The yak snorts and paws the ground.
The yak misses you. The yak gores you!
You die...

.##.# #.#..#...#. #
#.# #..#..###.. #.#
#...##...##
##....###.. #
#.#.###### .>. #####
#......... #..>#
####...# ###.######
#...$##.##...######.#
#......†.@..........#
..=......Y...........#
##.#..##.............#
#.#........########
#.#........#
#..##.##.### ∆
......###. ##.#### ##


You could see a yak.

Vanquished Creatures
  Sigmund (D:2)
  2 yaks (D:6)
  2 ogres
  A centaur (D:5)
  A phantom (D:4)
  3 wights (D:6)
  A howler monkey (D:5)
  6 hounds
  A jelly (D:6)
  2 orc priests (D:5)
  2 gnoll boudas (D:5)
  4 iguanas
  2 orc wizards (D:6)
  10 gnolls (D:5)
  6 adders
  An ufetubus (D:4)
  3 worms
  5 dart slugs
  11 orcs
  A bat (D:3)
  7 endoplasms
  2 giant cockroaches
  4 goblins
  6 hobgoblins
  6 jackals
  8 quokkas
  8 ball pythons
  3 frilled lizards
  6 kobolds
  4 rats
119 creatures vanquished.

Notes
Turn   | Place    | Note
-------+----------+-------------------------------------------
     0 | D:1      | NinjaNoafa the Gnoll Earth Elementalist began the quest for
                  | the Orb.
     0 | D:1      | Reached XP level 1. HP: 13/13 MP: 6/6
   287 | D:1      | Reached XP level 2. HP: 19/19 MP: 4/7
   342 | D:1      | Learned a level 2 spell: Passwall
   867 | D:2      | Reached skill level 5 in Spellcasting
   867 | D:2      | Reached XP level 3. HP: 25/25 MP: 6/9
   894 | D:2      | Noticed an ogre
   919 | D:2      | Reached skill level 1 in Invocations
   986 | D:2      | Noticed Sigmund
   995 | D:2      | Killed Sigmund
   996 | D:2      | Reached skill level 1 in Fighting
   996 | D:2      | Reached skill level 1 in Short Blades
   996 | D:2      | Reached skill level 1 in Long Blades
   996 | D:2      | Reached skill level 1 in Axes
   996 | D:2      | Reached skill level 1 in Maces & Flails
   996 | D:2      | Reached skill level 1 in Polearms
   996 | D:2      | Reached skill level 1 in Staves
   996 | D:2      | Reached skill level 1 in Ranged Weapons
   996 | D:2      | Reached skill level 1 in Throwing
   996 | D:2      | Reached skill level 1 in Armour
   996 | D:2      | Reached skill level 1 in Shields
   996 | D:2      | Reached skill level 1 in Unarmed Combat
   996 | D:2      | Reached skill level 1 in Conjurations
   996 | D:2      | Reached skill level 1 in Hexes
   996 | D:2      | Reached skill level 1 in Summonings
   996 | D:2      | Reached skill level 1 in Necromancy
   996 | D:2      | Reached skill level 1 in Translocations
   996 | D:2      | Reached skill level 1 in Fire Magic
   996 | D:2      | Reached skill level 1 in Ice Magic
   996 | D:2      | Reached skill level 1 in Air Magic
   996 | D:2      | Reached skill level 1 in Poison Magic
   996 | D:2      | Reached skill level 1 in Evocations
   996 | D:2      | Reached XP level 4. HP: 27/33 MP: 6/11
   996 | D:2      | Reached XP level 5. HP: 31/38 MP: 6/12
  1066 | D:2      | Killed an ogre
  1067 | D:2      | Reached skill level 5 in Dodging
  1067 | D:2      | Reached XP level 6. HP: 27/44 MP: 9/14
  1170 | D:2      | Learned a level 3 spell: Stone Arrow
  2480 | D:3      | Found a snail-covered altar of Cheibriados.
  2501 | D:3      | Became a worshipper of Cheibriados the Contemplative
  3357 | D:4      | Reached XP level 7. HP: 39/50 MP: 7/15
  3620 | D:4      | Reached * piety under Cheibriados
  3905 | D:4      | You fall into a shaft and drop 1 floor!
  3905 | D:5      | Entered Level 5 of the Dungeon
  4298 | D:5      | Reached skill level 5 in Stealth
  4761 | D:5      | Reached ** piety under Cheibriados
  4762 | D:5      | Reached XP level 8. HP: 33/58 MP: 11/16
  4886 | D:5      | Found an iron altar of Okawaru.
  5558 | D:6      | Found a glowing golden altar of the Shining One.
  6128 | D:6      | Found a staircase to the Ecumenical Temple.
  6135 | Temple   | Entered the Ecumenical Temple
  6429 | D:6      | Noticed a yak
  6430 | D:6      | Noticed a yak
  6432 | D:6      | Noticed a yak
  6440 | D:6      | Killed a yak
  6442 | D:6      | Killed a yak
  6443 | D:6      | Reached XP level 9. HP: 12/65 MP: 6/18
  6448 | D:6      | Slain by a yak

Illustrated notes

Levels and vault maps discovered:
D:1:      tarquinn_simple_flora_water_e, layout_basic, minmay_unequal
D:2:      layout_basic, uniq_sigmund
D:3:      layout_basic, kennysheep_slug_shrine, hangedman_decor_diamond_cutter
D:4:      layout_gridville, nicolae_figureground_sparkle
D:5:      layout_basic, mainiacjoe_overflow_paths
D:6:      layout_loops_ring, mainiacjoe_overflow_surrounded_room,
          minmay_temple_entry_steel_oval, hex_medium
Temple:   dpeg_chambers_temple

Skill      XL: |  1  2  3  4  5  6  7  8 |
---------------+-------------------------+-----
Transmutations | 2 3 |  3.9
Spellcasting   | 5 6 |  6.4
Invocations    | 1 2 3 4 |  4.3
Fighting       | 1 2 3 |  3.9
Short Blades   | 1 2 3 |  3.9
Long Blades    | 1 2 3 |  3.9
Axes           | 1 2 3 |  3.9
Maces & Flails | 1 2 3 |  3.9
Polearms       | 1 2 3 |  3.9
Staves         | 1 2 3 |  3.9
Ranged Weapons | 1 2 3 |  3.9
Throwing       | 1 2 3 |  3.9
Armour         | 1 2 3 |  3.9
Shields        | 1 2 3 |  3.9
Unarmed Combat | 1 2 3 |  3.9
Conjurations   | 1 2 3 |  3.2
Hexes          | 1 2 3 |  3.2
Summonings     | 1 2 3 |  3.2
Necromancy     | 1 2 3 |  3.2
Translocations | 1 2 3 |  3.2
Fire Magic     | 1 2 3 |  3.2
Ice Magic      | 1 2 3 |  3.2
Air Magic      | 1 2 3 |  3.2
Poison Magic   | 1 2 3 |  3.2
Evocations     | 1 2 3 |  3.9
Dodging        | 5 6 |  6.1
Stealth        | 5 |  5.8
Earth Magic    | 6 |  6.4

Action                   |  1- 3 |  4- 6 |  7- 9 || total
-------------------------+-------+-------+-------++-------
Melee: Short sword       |       |       |    24 ||    24
       Bite              |       |       |     5 ||     5
       Battleaxe         |       |       |    10 ||    10
 Cast: Sandblast         |    38 |    44 |    97 ||   179
       Passwall          |     1 |     3 |     3 ||     7
       Stone Arrow       |       |     4 |    18 ||    22
  Use: Potion            |     1 |       |     2 ||     3
Armor: Robe              |     1 |     2 |     9 ||    12
Dodge: Dodged            |     3 |    14 |    92 ||   109

Table legend: (Time is in decaauts)
 A = Elapsed time spent in this place.
 B = Non-inter-level travel time spent in this place.
 C = Inter-level travel time spent in this place.
 D = Time resting spent in this place.
 E = Time spent auto-exploring this place.
 F = Levels seen in this place.
 G = Mean time per level.
                   A        B        C        D        E       F      G
               +--------+--------+--------+--------+--------+-----+--------+
         Total |   7565 |   7277 |    288 |      0 |   6293 |   7 | 1080.7 |
       Dungeon |   7217 |   6964 |    253 |      0 |   5999 |   6 | 1202.8 |
        Temple |    348 |    314 |     34 |      0 |    294 |   1 |  348.0 |
               +--------+--------+--------+--------+--------+-----+--------+

Top non-repeatable levels by time:
     D:5: 1578 daAuts
     D:4: 1440 daAuts
     D:3: 1317 daAuts
     D:6: 1050 daAuts
     D:2: 986 daAuts
     D:1: 844 daAuts
  Temple: 348 daAuts
